 Dungeon Crawl Stone Soup version 0.31.0-32-g396128a36d (webtiles) character file.

Game seed: 10527917489160206121

5471 Silvore the Basher (level 10, -10/91 HPs)
             Began as a Minotaur Fighter on Mar 29, 2024.
             Was a Believer of Zin.
             Mangled by a cyclops (24 damage)
             ... on level 7 of the Dungeon.
             The game lasted 00:06:38 (5856 turns).

Silvore the Basher (Minotaur Fighter)               Turns: 5856, Time: 00:06:39

Health: -10/91     AC: 15    Str: 25    XL:     10   Next: 42%
Magic:  9/9        EV: 10    Int:  5    God:    Zin [**....]
Gold:   216        SH:  5    Dex: 10    Spells: 9/9 levels left

rFire   . . .        j - +0 mace
rCold   . . .        c - +0 buckler
rNeg    . . .        z - +0 chain mail
rPois   .            (helmet restricted)
rElec   .            (no cloak)
rCorr   .            p - +0 pair of gloves
SInv    .            u - +1 pair of boots
Will    .....        r - amulet of regeneration Stlth
                     (no ring)
HPRegen 1.15/turn    (no ring)
MPRegen 0.11/turn

%: no passive effects
@: mighty
A: horns 2, retaliatory headbutt
a: Renounce Religion, Recite, Vitalisation, Donate Gold


You were on level 7 of the Dungeon.
You worshipped Zin.
Zin was pleased with you.
You visited 1 branch of the dungeon, and saw 7 of its levels.

You collected 405 gold pieces.
You donated 189 gold pieces to Zin.

Inventory:

Hand Weapons
 j - a +0 mace (weapon)
Missiles
 a - 2 throwing nets (quivered)
Armour
 c - a +0 buckler (worn)
 p - a +0 pair of gloves (worn)
 u - a +1 pair of boots (worn)
 z - a +0 chain mail (worn)
Jewellery
 e - a ring of wizardry
 r - an amulet of regeneration (around neck)
Wands
 b - a wand of mindburst (12)
Scrolls
 k - 3 scrolls of enchant armour
 m - 2 scrolls of teleportation
 s - 2 scrolls of blinking
 t - a scroll of fog
 v - a scroll of immolation {unknown}
 w - a scroll of enchant weapon {unknown}
 y - a scroll of torment {unknown}
Potions
 f - 3 potions of degeneration
 g - a potion of cancellation {unknown}
 h - 3 potions of curing {unknown}
 i - 4 potions of ambrosia
 l - a potion of mutation {unknown}
 n - 2 potions of enlightenment
 o - 3 potions of heal wounds
 q - 2 potions of attraction {unknown}
 A - 2 potions of brilliance {unknown}


   Skills:
 + Level 9.3 Fighting
 + Level 11.0 Maces & Flails
 + Level 9.8 Armour
 + Level 5.9 Dodging
 + Level 0.4 Stealth
 + Level 6.8 Shields


You had 9 spell levels left.
You didn't know any spells.
Your spell library contained the following spells:

 Spells                   Type           Power      Damage    Failure   Level
 Magic Dart               Conj           0%         1d3       95%         1
 Necrotise                Necr           0%         1d4       95%         1
 Blink                    Tloc           0%         N/A       98%         2
 Call Imp                 Summ           0%         N/A       98%         2
 Frozen Ramparts          Ice            0%         1d1       100%        3
 Vampiric Draining        Necr           0%         2d6       100%        3
 Leda's Liquefaction      Alch/Erth      0%         N/A       100%        4
 Martyr's Knell           Necr/Summ      0%         N/A       100%        4
 Petrify                  Alch/Erth      0%         N/A       100%        4
 Curse of Agony           Necr           0%         N/A       100%        5
 Metabolic Englaciation   Hex/Ice        0%         N/A       100%        5


Dungeon Overview and Level Annotations

Branches:
Dungeon (7/15)             Temple (0/1) D:5

Altars:
Makhleb
Vehumet
Yredelemnul
Zin

Shops:
D:1 *   D:4 :


Innate Abilities, Weirdness & Mutations

You have a pair of horns on your head.
You reflexively headbutt those who attack you in melee.


Message History

Something bites you!
Something draws strength from your injuries!
You sock something! Zin accepts your kill.
Reactivating autopickup.
You feel a bit more experienced.
You sock the boulder beetle!
The boulder beetle is severely wounded.
The boulder beetle bites you but does no damage.
You hit the boulder beetle. You headbutt the boulder beetle!
The boulder beetle is almost dead.
The boulder beetle bites you!!
You hit the boulder beetle.
You kill the boulder beetle!
You barely miss the yak. The yak misses you.
You hit the yak but do no damage. The yak gores you.
You bludgeon the yak!! You headbutt the yak!
The yak is severely wounded.
The yak gores you.
A cyclops comes into view.
The cyclops shouts!
You hit the yak.
The yak is severely wounded.
The yak gores you!
You sock the yak!
You kill the yak!
Your Maces & Flails skill increases to level 11!
The cyclops hits you!
* * * LOW HITPOINT WARNING * * *
You see here a boulder beetle corpse.
You sock the cyclops! You headbutt the cyclops!
The cyclops is heavily wounded.
The cyclops hits you!
* * * LOW HITPOINT WARNING * * *
You sock the cyclops!
The cyclops is severely wounded.
You sock the cyclops! You headbutt the cyclops.
The cyclops is almost dead.
The cyclops hits you!!
You die...

..##..#.#.(##....#...#.#.#.#
#.##...#†..##.#...#.#.#...#
#.(##..#.#..#...#.#.#..###.
#..##.#...####.####.#.....
#..###..###.....###.#####
#.....###.#####.###.....
###.####.# .}.##.####)##
#.....#.# ..!..##.##..#.
#....$#@#...... #%#.##.#
....##.##.CC...?.) ##.##)##
.#.#..○..#.#...?.. #.##.##.
#.
...#.....#.##..$..##.#.#..#
#.##. ###.####.
#!|[##.####.## #.#.
..######.#####.###..### #...
.####..###.....###......
#..# .
##..##.####.########### #..#
#.#####.# #)# ##.......


You could see 2 cyclopes.

Vanquished Creatures
  A boulder beetle (D:7)
  A cyclops (D:7)
  Prince Ribbit (D:5)
  3 trolls (D:7)
  Grinder (D:5)
  A yak (D:7)
  Eustachio (D:5)
  A vampire (D:7)
  4 water moccasins
  A sky beast (D:7)
  4 ice beasts
  A black bear (D:6)
  An ogre (D:5)
  4 phantoms
  A centaur (D:5)
  2 bullfrogs (D:7)
  3 scorpions
  5 wights (D:7)
  A howler monkey (D:4)
  A bombardier beetle (D:6)
  6 hounds
  3 jellies
  5 orc priests
  2 gnoll boudas (D:7)
  4 iguanas
  5 orc wizards
  16 gnolls
  10 adders
  A shadow imp (D:7)
  A white imp (D:6)
  3 ufetubi (D:6)
  An adder zombie (D:3)
  5 dart slugs
  2 ribbon worms
  9 orcs
  3 ball pythons
  4 endoplasms
  5 giant cockroaches
  5 goblins
  6 hobgoblins
  4 kobolds
  A quokka (D:5)
  A ball python zombie (D:3)
  5 bats
  3 frilled lizards
  4 rats
152 creatures vanquished.

Notes
Turn   | Place    | Note
-------+----------+-------------------------------------------
     0 | D:1      | Silvore the Minotaur Fighter began the quest for the Orb.
     0 | D:1      | Reached XP level 1. HP: 19/19 MP: 0/0
    58 | D:1      | Reached XP level 2. HP: 11/27 MP: 1/1
   229 | D:1      | Found Rirema's General Store.
   503 | D:1      | Reached XP level 3. HP: 33/33 MP: 2/2
  1029 | D:2      | Reached skill level 3 in Maces & Flails
  1160 | D:2      | You fall into a shaft and drop 2 floors!
  1372 | D:2      | Reached XP level 4. HP: 28/40 MP: 3/3
  1970 | D:3      | Found a burning altar of Makhleb.
  2072 | D:3      | Reached skill level 1 in Dodging
  2147 | D:3      | Reached skill level 4 in Maces & Flails
  2159 | D:3      | Found a basalt altar of Yredelemnul.
  2338 | D:4      | Noticed a scorpion
  2346 | D:4      | Killed a scorpion
  2347 | D:4      | Reached XP level 5. HP: 31/47 MP: 4/4
  2515 | D:4      | Reached skill level 5 in Armour
  2522 | D:4      | Reached skill level 5 in Maces & Flails
  2527 | D:4      | Reached XP level 6. HP: 35/53 MP: 5/5
  2814 | D:4      | Found Anwuz's Book Shop.
  3249 | D:5      | Entered Level 5 of the Dungeon
  3264 | D:5      | Found a staircase to the Ecumenical Temple.
  3417 | D:5      | Reached skill level 5 in Fighting
  3417 | D:5      | Reached XP level 7. HP: 56/61 MP: 6/6
  3429 | D:5      | Noticed Grinder
  3436 | D:5      | Killed Grinder
  3437 | D:5      | Reached skill level 6 in Maces & Flails
  3466 | D:5      | Noticed Prince Ribbit
  3495 | D:5      | Killed Prince Ribbit
  3496 | D:5      | Reached XP level 8. HP: 25/69 MP: 7/7
  3574 | D:5      | Reached skill level 7 in Maces & Flails
  3678 | D:5      | Reached skill level 5 in Shields
  3983 | D:5      | Reached skill level 8 in Maces & Flails
  4156 | D:5      | Noticed Eustachio
  4182 | D:5      | Killed Eustachio
  4303 | D:6      | Found a radiant altar of Vehumet.
  4560 | D:6      | Reached XP level 9. HP: 77/78 MP: 8/8
  5053 | D:6      | Found a glowing silver altar of Zin.
  5121 | D:6      | Became a worshipper of Zin the Law-Giver
  5121 | D:6      | Reached * piety under Zin
  5124 | D:6      | Donated 149 gold pieces to Zin
  5220 | D:7      | Reached ** piety under Zin
  5347 | D:7      | Reached skill level 9 in Maces & Flails
  5376 | D:7      | Identified the +8 hand axe of Jirphyra {vamp, rF+ Int+3}
  5408 | D:7      | Reached skill level 5 in Dodging
  5714 | D:7      | Noticed a troll
  5726 | D:7      | Killed a troll
  5759 | D:7      | Noticed a cyclops
  5769 | D:7      | Killed a cyclops
  5770 | D:7      | Reached skill level 10 in Maces & Flails
  5770 | D:7      | Reached XP level 10. HP: 90/90 MP: 9/9
  5821 | D:7      | Noticed a boulder beetle
  5821 | D:7      | Noticed a cyclops
  5847 | D:7      | Killed a boulder beetle
  5850 | D:7      | Noticed a cyclops
  5853 | D:7      | Reached skill level 11 in Maces & Flails
  5856 | D:7      | Mangled by a cyclops

Illustrated notes

Levels and vault maps discovered:
D:1:      dpeg_arrival_brainrot, layout_loops_ring, serial_shops,
          nicolae_shop_tiny_statue_garden
D:2:      layout_loops_ring, chequers_serial_rivers_micro_c
D:3:      layout_loops_ring, bloody_makhleb, lemuel_zombie_altar_yredelemnul
D:4:      layout_cave_pods, serial_shops, shop
D:5:      layout_loops_corners, minmay_temple_entry_from_below_a, uniq_grinder,
          uniq_prince_ribbit1, uniq_eustachio
D:6:      layout_cave_pods, zin_academy, mainiacjoe_overflow_chevrons,
          st_stairs_11
D:7:      minmay_the_grid_octo_tiled_octocenter [minmay_the_grid_octo_77,
          minmay_the_grid_octo_fan_narrow, minmay_the_grid_octo_toaster,
          minmay_the_grid_octo_concentric, minmay_the_grid_octo_prize_big_c,
          minmay_the_grid_square_5x5_bridge, minmay_the_grid_square_5x5_plus,
          minmay_the_grid_square_5x5_n_small,
          minmay_the_grid_square_5x5_checkered_sparse], layout_rooms

Skill      XL: |  1  2  3  4  5  6  7  8  9 10 |
---------------+-------------------------------+-----
Shields        | 4 5 6 |  6.8
Armour         | 4 5 7 8 9 |  9.8
Fighting       | 4 5 6 8 9 |  9.3
Maces & Flails | 3 4 5 6 8 10 11 | 11.0
Dodging        | 1 2 3 4 5 |  5.9
Stealth        | |  0.4

Action                     |  1- 3 |  4- 6 |  7- 9 | 10-12 || total
---------------------------+-------+-------+-------+-------++-------
  Melee: Flail             |    65 |    13 |       |       ||    78
         Headbutt          |     9 |    16 |    52 |    18 ||    95
         Mace              |       |    83 |   320 |    52 ||   455
 Invoke: Donate Gold       |       |       |     1 |       ||     1
    Use: Scroll            |       |    11 |       |     1 ||    12
         Potion            |       |       |       |     1 ||     1
 Armour: Scale mail        |    42 |    77 |   244 |       ||   363
         Chain mail        |       |       |    38 |    58 ||    96
  Dodge: Dodged            |    27 |    59 |   182 |    21 ||   289
  Block: Buckler           |    16 |    15 |    78 |     8 ||   117
